 Dungeon Crawl Stone Soup version 0.28-a0-199-g298df9dbad (webtiles) character file.

Game seed: 5657183763024239933

34869 tilp the Unseen (level 13, 0/61 HPs)
             Began as a Felid Hedge Wizard on Aug 19, 2021.
             Was an Elder of Vehumet.
             Shot with an arrow by a centaur warrior (11 damage)
             ... while petrified by a basilisk
             ... on level 13 of the Dungeon.
             The game lasted 01:28:59 (40507 turns).

tilp the Unseen (Felid Hedge Wizard)               Turns: 40507, Time: 01:28:59

Health: 0/61       AC:  3    Str:  8    XL:     13   Next: 44%
Magic:  25/26      EV:  4    Int: 20    God:    Vehumet [****..]
Gold:   2227       SH:  0    Dex: 16    Spells: 5/28 levels left
                                        Lives:  0   Deaths: 4

rFire   . . .      SeeInvis +     - Unarmed
rCold   + . .      Faith    .   (shield unavailable)
rNeg    + + +      Spirit   .   (armour unavailable)
rPois   ∞          Reflect  .   (helmet unavailable)
rElec   .          Harm     .   (cloak unavailable)
rCorr   .          Rampage  .   (gloves unavailable)
Will    +....                   (boots unavailable)
Stlth   ++++++....              t - amulet of magic regeneration
HPRegen 0.20/turn               v - ring "Pyiniam" {Str+2 Slay+4}
MPRegen 0.45/turn               n - ring of poison resistance

@: petrified, quick
A: very small, claws 1, fangs 3, see invisible, speed 1, shaggy fur 3, stealthy
paws, no weapons or thrown items, no armour, multi-lived
a: Renounce Religion


You were on level 13 of the Dungeon.
You worshipped Vehumet.
Vehumet was greatly pleased with you.
You visited 3 branches of the dungeon, and saw 18 of its levels.
You also visited: Bailey and Ice Cave.

You collected 2475 gold pieces.
You spent 248 gold pieces at shops.

Inventory:

Jewellery
 k - a ring of resist corrosion
 n - a ring of poison resistance (right paw)
 t - an amulet of magic regeneration (around neck)
 v - the ring "Pyiniam" (left paw) {Str+2 Slay+4}
   (You acquired it on level 8 of the Dungeon)

   [ring of slaying]

   Str:       It affects your strength (+2).
   Slay:      It affects your accuracy & damage with ranged weapons and melee
   (+4).
Wands
 g - a wand of flame (1)
 l - a wand of polymorph (6)
 o - a wand of acid (3)
 p - a wand of paralysis (9)
 s - a wand of charming (14)
 A - a wand of digging (8)
 B - a wand of iceblast (29)
Scrolls
 m - 4 scrolls of teleportation
 q - 6 scrolls of blinking
 u - a scroll of fear
 w - a scroll of identify
 y - a scroll of amnesia
 C - 2 scrolls of fog
Potions
 a - 2 potions of brilliance
 b - 4 potions of lignification
 c - 5 potions of might
 d - 5 potions of heal wounds
 e - 2 potions of curing
 f - 2 potions of mutation
 h - 7 potions of magic
 i - a potion of berserk rage
 j - 8 potions of haste
 r - 4 potions of cancellation
 x - 2 potions of attraction
 z - 10 potions of invisibility
 D - 2 potions of flight


   Skills:
 - Level 10.0 Fighting
 - Level 12.0 Dodging
 - Level 15.0 Stealth
 - Level 10.0 Unarmed Combat
 + Level 8.0 Spellcasting
 + Level 10.0 Conjurations
 - Level 4.0 Summonings
 + Level 4.0 Translocations
 - Level 4.0 Fire Magic
 - Level 2.0 Air Magic
 - Level 4.0 Poison Magic
 - Level 8.0 Evocations


You had 5 spell levels left.
You knew the following spells:

 Your Spells              Type           Power      Damage    Failure   Level
a - Magic Dart            Conj           100%       1d8       1%          1
b - Call Imp              Summ           24%        N/A       2%          2
c - Blink                 Tloc           N/A        N/A       2%          2
d - Conjure Flame         Conj/Fire      36%        6-21      1%          3
e - Foxfire               Conj/Fire      100%       2x1d9     1%          1
f - Mephitic Cloud        Conj/Pois/Air  29%        N/A       1%          3
g - Ignite Poison         Fire/Tmut/Pois 18%        N/A       2%          3
h - Olgreb's Toxic Radia  Pois           24%        N/A       4%          4
i - Iskenderun's Mystic   Conj/Tloc      36%        2d9       1%          4

Your spell library contained the following spells:

 Spells                   Type           Power      Damage    Failure   Level
 Yara's Violent Unravell  Hex/Tmut       4%         3d4       50%         5
 Poisonous Vapours        Pois/Air       40%        N/A       1%          2
 Dazzling Flash           Conj/Hex       56%        N/A       1%          3
 Sting                    Tmut/Pois      64%        1d6       3%          1
 Inner Flame              Hex/Fire       16%        N/A       3%          3
 Lesser Beckoning         Tloc           12%        N/A       4%          3
 Pain                     Necr           32%        1d5       9%          1
 Swiftness                Air            16%        N/A       11%         3
 Passwall                 Tmut/Erth      6%         N/A       13%         2
 Slow                     Hex            8%         N/A       13%         2
 Manifold Assault         Tloc           24%        N/A       41%         5
 Summon Forest            Summ/Tloc      12%        N/A       41%         5
 Cause Fear               Hex            4%         N/A       63%         4
 Summon Mana Viper        Hex/Summ       16%        N/A       71%         5
 Agony                    Necr           8%         N/A       93%         5
 Blade Hands              Tmut           4%         N/A       93%         5
 Starburst                Conj/Fire      18%        6d7       19%         6
 Shadow Creatures         Summ           N/A        N/A       94%         6
 Invisibility             Hex            4%         N/A       100%        6
 Discord                  Hex            4%         N/A       100%        8
 Portal Projectile        Hex/Tloc       Unusable   N/A       N/A         3
 Excruciating Wounds      Necr           Unusable   N/A       N/A         5

Dungeon Overview and Level Annotations

Branches:
Dungeon (13/15)            Temple (1/1) D:6            Lair (5/6) D:9
 Shoals (0/4) Lair:4        Snake (0/4) Lair:3        Slime (0/5) Lair:5
 Bailey (visited)           IceCv (visited)
    Orc: D:9-12      Vaults: D:13-14

Altars:
Ashenzari
Cheibriados
Dithmenos
Elyvilon
Fedhas
Gozag
Hepliaklqana
Kikubaaqudgha
Makhleb
Nemelex Xobeh
Okawaru
Qazlal
Ru
Sif Muna
Trog
Uskayaw
Vehumet
Wu Jian
Xom
Yredelemnul
Zin
The Shining One
Jiyva

Shops:
D:10 (!*

Portals:
Abyss: D:7

Annotations:
D:11 exclusions: centaur warrior, troll and two-headed ogre
Lair:2 2 transporters, PeterLawrence's ghost, journeyman MiFi
Lair:5 exclusion: 2 oklob plants


Innate Abilities, Weirdness & Mutations

You have sharp claws.
You have razor-sharp teeth.
You have supernaturally acute eyesight. (SInv)
You cover ground quickly. (Speed+)
Your thick and shaggy fur keeps you warm. (AC +3, rC+)
Your paws help you pounce on unaware monsters.
You are incapable of wielding weapons or throwing items.
You cannot wear armour.
You gain extra lives every three experience levels.


Message History

There is a stone staircase leading down here.
There is a stone staircase leading down here.
You fall into a shaft and drop 2 floors!
The shaft crumbles and collapses.
Okay, then.
Unknown command.
You open the door.
There is an open door here.
You open the door.
A basilisk and a centaur warrior come into view.
Casting: Ignite Poison (dangerous; 2% risk of failure)
Confirm with . or Enter, or press ? or * to list all spells.
You begin to radiate toxic energy.
The basilisk hisses angrily.
The basilisk is poisoned.
The centaur warrior shouts!
The centaur warrior is poisoned.
The centaur warrior wields a +0 longbow.
The centaur warrior shoots an arrow.
The arrow misses you. The basilisk gazes at you.
You are slowing down.
Casting: Olgreb's Toxic Radiance (dangerous; 4% risk of failure)
Confirm with . or Enter, or press ? or * to list all spells.
Okay, then.
You close the door.
Your toxic aura wanes.
Your limbs are stiffening.
As you read the scroll of teleportation, it crumbles to dust.
You feel strangely unstable.
A centaur warrior opens the door.
The centaur warrior shoots an arrow.
The arrow hits you!!
You have turned to stone.
The centaur warrior shoots an arrow.
The arrow hits you!!
The centaur warrior shoots an arrow.
The arrow hits you!!
* * * LOW HITPOINT WARNING * * *
Your surroundings seem slightly different.
The centaur warrior shoots an arrow.
The arrow hits you!!
* * * LOW HITPOINT WARNING * * *
The basilisk looks more healthy.
The centaur warrior shoots an arrow.
The arrow hits you!!
You die...

########
#......# ######
#......#
#....####c..@..#
+....'.§'l.....+
#....####......#
#...### #......#
#...#§# #......#
#..##§# ##'#####
#..##§# #.
#..##°####.
#....°°.#


You could see a centaur warrior (poisoned) and a basilisk.

Vanquished Creatures
  Kirke (Lair:5)
  A frost giant (IceCv)
  A boulder beetle (D:9)
  Harold (D:9)
  3 hydras
  5 death yaks (IceCv)
  A two-headed ogre (D:10)
  The ghost of TheNamelessOne the Martial Artist, a novice OpTm of Cheibriados (D:9)
  Nergalle (Lair:2)
  The ghost of Killmatronix the Digger, a novice MiEE of Vehumet (D:7)
  A wizard (D:9)
  An orc knight (Bailey)
  A manticore (D:9)
  An ugly thing (IceCv)
  10 elephants (Lair:5)
  7 black mambas
  An ice statue (IceCv)
  19 cane toads
  A kobold demonologist (D:9)
  5 komodo dragons
  Maggie (D:6)
  12 rime drakes
  A troll (D:10)
  A hornet (D:10)
  6 polar bears
  15 blink frogs
  A shadow (D:5)
  A slime creature (D:10)
  A wraith (D:9)
  A vampire (D:10)
  4 wyverns
  37 yaks
  2 steam dragons
  2 basilisks
  7 hogs (Lair:5)
  3 small abominations (D:7)
  13 water moccasins
  4 orc warriors
  7 black bears
  8 necrophages
  5 centaurs
  15 wolves
  9 kobold brigands
  10 bullfrogs
  2 scorpions
  A gnoll sergeant (D:5)
  A water moccasin zombie (D:5)
  8 killer bees
  2 wights
  2 electric eels (Lair:1)
  A howler monkey (D:8)
  A crimson imp (D:7)
  2 centaur zombies
  8 jellies
  3 orc priests (D:11)
  A centaur skeleton (D:4)
  Jessica (D:11)
  2 iguanas
  7 orc wizards
  A hound zombie (D:3)
  Robin (D:3)
  20 gnolls
  4 adders
  2 howler monkey skeletons
  3 white imps
  An ufetubus (D:4)
  An adder skeleton (D:2)
  4 dart slugs
  17 orcs
  5 bats
  8 endoplasms
  A giant cockroach (D:2)
  18 goblins
  17 hobgoblins
  6 jackals
  2 quokkas
  4 ball pythons
  2 frilled lizards
  25 kobolds
  3 rats
416 creatures vanquished.

Vanquished Creatures (collateral kills)
  A yak (D:9)
  A water moccasin (D:6)
  3 ogres
  A gnoll sergeant (D:6)
  3 bullfrogs
  A killer bee (D:8)
  6 wights
  A howler monkey skeleton (D:6)
  An adder (D:3)
  4 gnolls (D:6)
  A worm (D:3)
  An orc (D:3)
  An endoplasm (D:4)
  2 goblins
27 creatures vanquished.

Vanquished Creatures (others)
  2 blink frogs (Lair:5)
  151 foxfires
  29 fungi
  60 plants
  3 toadstools (D:7)
245 creatures vanquished.

Grand Total: 688 creatures vanquished

Notes
Turn   | Place    | Note
-------+----------+-------------------------------------------
     0 | D:1      | tilp the Felid Hedge Wizard began the quest for the Orb.
     0 | D:1      | Reached XP level 1. HP: 7/7 MP: 5/5
    12 | D:1      | Reached skill level 1 in Conjurations
   174 | D:1      | Reached skill level 1 in Unarmed Combat
   320 | D:1      | Reached XP level 2. HP: 11/11 MP: 4/7
   548 | D:1      | Found a faded altar of an unknown god.
  1249 | D:2      | Learned a level 2 spell: Call Imp
  1252 | D:2      | Learned a level 2 spell: Blink
  1421 | D:2      | Reached XP level 3. HP: 14/14 MP: 3/8
  2237 | D:3      | Reached skill level 3 in Stealth
  2806 | D:3      | Found a basalt altar of Yredelemnul.
  2911 | D:3      | Reached skill level 1 in Fighting
  3044 | D:3      | Reached XP level 4. HP: 19/19 MP: 7/9
  3845 | D:4      | Noticed an ogre
  3854 | D:4      | Killed an ogre
  3873 | D:4      | Noticed a phantom
  3989 | D:4      | Identified the +2 robe of Listrienlo {Dex+5}
  4189 | D:3      | Reached skill level 4 in Stealth
  4493 | D:3      | Noticed Robin
  4534 | D:3      | Killed Robin
  4535 | D:3      | Reached XP level 5. HP: 17/22 MP: 1/10
  5057 | D:4      | Noticed a black bear
  6872 | D:5      | Entered Level 5 of the Dungeon
  6889 | D:5      | Gained mutation: You are covered in thick fur. (AC +2)
                  | [Felid growth]
  6889 | D:5      | Reached XP level 6. HP: 3/26 MP: 3/11
  8251 | D:5      | Identified the +9 long sword of Instant Death {drain, rPois
                  | Will+ rCorr}
  8875 | D:5      | Reached skill level 1 in Evocations
  8875 | D:5      | Reached XP level 7. HP: 9/30 MP: 1/12
 10959 | D:6      | Noticed a shadow
 11356 | D:6      | Reached skill level 5 in Conjurations
 11777 | D:6      | Found a staircase to the Ecumenical Temple.
 11786 | Temple   | Entered the Ecumenical Temple
 12070 | Temple   | Became a worshipper of Vehumet
 12926 | D:6      | Reached XP level 8. HP: 23/33 MP: 0/13
 13631 | D:6      | Noticed Maggie
 14252 | D:7      | Found a transporter.
 14712 | D:7      | Found a transporter.
 14735 | D:7      | Found a one-way gate to the infinite horrors of the Abyss.
 14735 | D:7      | Noticed Killmatronix's ghost (novice MiEE)
 15042 | D:8      | Reached skill level 5 in Stealth
 15131 | D:8      | Reached skill level 5 in Dodging
 16101 | D:8      | Reached skill level 6 in Stealth
 16533 | D:8      | Reached XP level 9. HP: 29/39 MP: 14/14
 17078 | D:8      | Identified a scroll of acquirement
 17078 | D:8      | Acquired the ring "Pyiniam" {Str+2 Slay+4}
 17098 | D:8      | Learned a level 3 spell: Conjure Flame
 17105 | D:9      | Slain by a yak
 17106 | D:9      | Reached XP level 8. HP: -1/35 MP: 13/13
 17169 | D:9      | Reached skill level 7 in Stealth
 17371 | D:9      | Reached skill level 8 in Stealth
 17371 | D:9      | Reached skill level 1 in Fire Magic
 17993 | D:9      | Found a runed translucent gate.
 17993 | D:9      | Found a runed translucent gate.
 17993 | D:9      | Found a runed translucent gate.
 17994 | D:9      | Noticed a kobold demonologist
 17994 | D:9      | Noticed TheNamelessOne's ghost (novice OpTm)
 18069 | D:9      | Noticed a wizard
 18091 | D:9      | Found a staircase to the Lair.
 18091 | D:9      | Noticed Harold
 18375 | D:9      | Shot with an arrow by a centaur
 18376 | D:9      | Reached XP level 7. HP: -7/32 MP: 9/13
 18454 | D:9      | HP: 1/32 [centaur (4)]
 18601 | D:9      | Noticed a manticore
 18971 | D:9      | Killed a wizard
 18972 | D:9      | Reached XP level 8. HP: 36/36 MP: 13/15
 19150 | D:9      | Killed Harold
 19151 | D:9      | Reached skill level 5 in Fighting
 19151 | D:9      | Reached skill level 9 in Stealth
 19151 | D:9      | Reached XP level 9. HP: 40/40 MP: 16/16
 19176 | D:9      | Killed a manticore
 19441 | D:9      | Noticed an eight-headed hydra
 19454 | D:9      | Noticed a boulder beetle
 19960 | D:5      | Reached * piety under Vehumet
 19960 | D:5      | Offered knowledge of Freeze by Vehumet.
 20190 | D:10     | Entered Level 10 of the Dungeon
 20510 | D:10     | Noticed a two-headed ogre
 20665 | D:10     | Killed a two-headed ogre
 20666 | D:10     | Reached skill level 10 in Stealth
 20811 | D:10     | Found Xigaedgh's Distillery.
 20824 | D:10     | Found Evicw's Assorted Antiques.
 21334 | D:10     | Noticed a troll
 21372 | D:10     | Found Geyson's Antique Weapon Emporium.
 21411 | D:10     | Found a viscous altar of Jiyva.
 21442 | D:10     | Reached XP level 10. HP: 40/45 MP: 15/17
 22583 | D:11     | Found a flagged portal.
 22612 | Bailey   | Entered a bailey
 22956 | Bailey   | Reached ** piety under Vehumet
 22956 | Bailey   | Offered knowledge of Foxfire by Vehumet.
 22959 | Bailey   | Learned a level 1 spell: Foxfire
 23051 | Bailey   | Noticed an orc knight
 23183 | Bailey   | Killed an orc knight
 24179 | D:11     | Offered knowledge of Ignite Poison by Vehumet.
 24674 | D:11     | Noticed a centaur warrior
 25196 | D:11     | Noticed a two-headed ogre
 25307 | D:10     | Reached skill level 5 in Evocations
 26278 | D:6      | Killed Maggie
 26607 | Lair:1   | Entered Level 1 of the Lair of Beasts
 26699 | D:10     | Bought a scroll labelled LUJUSA JIEFUPS for 31 gold pieces
 26699 | D:10     | Bought a wand of iceblast (5) for 124 gold pieces
 26699 | D:10     | Bought a scroll of teleportation for 93 gold pieces
 26771 | Lair:1   | Noticed a cane toad
 27238 | Lair:1   | Noticed a cane toad
 27361 | Lair:1   | Acquired 1290 gold pieces
 27373 | Lair:1   | Noticed a cane toad
 27391 | Lair:1   | HP: 1/45 [cane toad (21)]
 27392 | Lair:1   | Killed a cane toad
 27685 | Lair:1   | Learned a level 3 spell: Mephitic Cloud
 27689 | Lair:1   | Learned a level 3 spell: Ignite Poison
 27705 | Lair:1   | Noticed a cane toad
 27885 | Lair:1   | Killed a cane toad
 28288 | Lair:1   | Reached *** piety under Vehumet
 28307 | Lair:1   | Reached XP level 11. HP: 49/49 MP: 6/18
 29174 | Lair:2   | Reached skill level 5 in Unarmed Combat
 29519 | Lair:2   | Noticed a death yak
 29828 | Lair:2   | Noticed Nergalle
 29844 | Lair:2   | Killed Nergalle
 30152 | Lair:2   | Reached skill level 11 in Stealth
 30397 | Lair:2   | Noticed PeterLawrence's ghost (journeyman MiFi)
 30428 | Lair:2   | Found a transporter.
 30429 | Lair:2   | Found a transporter.
 31590 | Lair:2   | Reached skill level 10 in Dodging
 31590 | Lair:2   | Reached skill level 5 in Spellcasting
 31590 | Lair:2   | Reached skill level 1 in Air Magic
 31590 | Lair:2   | Reached skill level 1 in Poison Magic
 31590 | Lair:2   | Gained mutation: Your thick and shaggy fur keeps you warm.
                  | (AC +3, rC+) [Felid growth]
 31590 | Lair:2   | Reached XP level 12. HP: 55/55 MP: 18/20
 31595 | Lair:2   | Reached XP level 13. HP: 58/58 MP: 20/25
 31601 | Lair:2   | Learned a level 4 spell: Olgreb's Toxic Radiance
 31913 | Lair:2   | Learned a level 4 spell: Iskenderun's Mystic Blast
 31945 | Lair:3   | Offered knowledge of Stone Arrow by Vehumet.
 31946 | Lair:3   | Reached skill level 12 in Stealth
 32243 | Lair:3   | Found a frozen archway.
 32247 | Lair:3   | Killed from afar by a rime drake
 32248 | Lair:3   | Reached XP level 12. HP: -4/55 MP: 14/25
 32332 | IceCv    | Entered an ice cave
 32361 | IceCv    | Reached skill level 10 in Conjurations
 32396 | IceCv    | Noticed a death yak
 32425 | IceCv    | Killed a death yak
 32928 | IceCv    | Noticed a death yak
 32934 | IceCv    | Killed a death yak
 32935 | IceCv    | Reached XP level 13. HP: 58/58 MP: 13/26
 33288 | IceCv    | Noticed a frost giant
 33291 | IceCv    | Reached **** piety under Vehumet
 33301 | IceCv    | Killed a frost giant
 33837 | IceCv    | Reached skill level 13 in Stealth
 34091 | Lair:3   | Offered knowledge of Irradiate by Vehumet.
 35017 | Lair:3   | Found a staircase to the Snake Pit.
 35361 | Lair:3   | Reached ***** piety under Vehumet
 35361 | Lair:3   | Offered knowledge of Yara's Violent Unravelling by Vehumet.
 36800 | Lair:4   | Reached skill level 14 in Stealth
 37139 | Lair:4   | Found a staircase to the Shoals.
 37380 | Lair:5   | Reached XP level 14. HP: 64/64 MP: 19/27
 38003 | Lair:5   | Identified the +3 leather armour "Tiomp" {rElec Dex+2}
 38583 | Lair:5   | Found a staircase to the Slime Pits.
 38584 | Lair:5   | Noticed Kirke
 38590 | Lair:5   | Killed Kirke
 38895 | D:9      | Killed TheNamelessOne's ghost
 39019 | D:7      | Killed Killmatronix's ghost
 39420 | D:9      | Slain by an eight-headed hydra
 39421 | D:9      | Reached XP level 13. HP: -3/61 MP: 19/26
 39526 | D:9      | Found a staircase to the Lair.
 39653 | D:9      | Reached skill level 15 in Stealth
 39887 | D:9      | Reached skill level 10 in Fighting
 39887 | D:9      | Reached skill level 10 in Unarmed Combat
 40386 | D:11     | Found a sparkling altar of Nemelex Xobeh.
 40386 | D:11     | Noticed Jessica
 40388 | D:11     | Killed Jessica
 40479 | D:11     | You fall into a shaft and drop 2 floors!
 40507 | D:13     | Shot with an arrow by a centaur warrior

Illustrated notes

Levels and vault maps discovered:
D:1:      dpeg_arrival_simpleton_c, layout_basic,
          shapermc_ecumenical_altar_pompeii
D:2:      layout_rooms, lemuel_another_geyser
D:3:      layout_basic, mainiacjoe_overflow_surrounded_room, corexii_shack,
          minmay_fractal_squares_gapless_5, uniq_robin
D:4:      layout_loops_cross, minmay_cut_off
D:5:      layout_cave_pods
D:6:      layout_gridville, minmay_temple_entry_junction, uniq_maggie
D:7:      layout_rooms, gammafunk_ghost_abyssal_escape, minmay_gold_behind_fungi
D:8:      layout_cave_pools
D:9:      layout_irregular_city, dpeg_oklobed_lair,
          gammafunk_ghost_nasty_kobolds, minmay_fountain_box, kb_rosetta,
          uniq_harold
D:10:     layout_long_grid, serial_shops, shop, shop, shop,
          minmay_misc_feat_tiny, jiyva_altar_1
D:11:     layout_loops_ring, enter_bailey_5, nemelex_lonely_heart_becter
D:13:     minmay_roctagon, layout_basic, lemuel_flamethrower_3, uniq_snorg,
          uniq_frances, uniq_nessos, uniq_sonja
Temple:   regret_index_temple_sigil_plot
Lair:1:   layout_layer_cave, serial_bayou_shore_a
Lair:2:   layout_cave_pods, gammafunk_ghost_arena, beast_lair_carwin_8,
          uniq_nergalle
Lair:3:   layout_regular_city, minmay_snake_entry_six_corridors,
          portal_ice_cave_rime, roderic_carrion_pond, grunt_megastairs_1,
          infiniplex_staircase_pool_2
Lair:4:   layout_big_grid, elwin_shoals_entry_rooms
Lair:5:   layout_hall_layers, nicolae_slime_entry_slimehenge,
          chequers_serial_rivers_micro_c, nicolae_quartered_pool_little,
          minmay_lair_oklob_chamber, lemuel_fruit_fields, uniq_kirke

Skill      XL: |  1  2  3  4  5  6  7  8  9 10 11 12 13 |
---------------+----------------------------------------+-----
Conjurations   | 1 2 4 5 6 8 10 | 10.0
Unarmed Combat | 1 2 3 4 6 10 | 10.0
Stealth        | 3 4 9 10 11 15 | 15.0
Dodging        | 3 4 7 8 10 12 | 12.0
Fighting       | 1 2 5 6 7 10 | 10.0
Translocations | 3 4 |  4.0
Summonings     | 2 4 |  4.0
Evocations     | 1 4 6 8 |  8.0
Fire Magic     | 2 1 3 4 |  4.0
Spellcasting   | 4 5 7 8 |  8.0
Air Magic      | 1 2 |  2.0
Poison Magic   | 1 4 2 |  4.0

Action                   |  1- 3 |  4- 6 |  7- 9 | 10-12 | 13-15 || total
-------------------------+-------+-------+-------+-------+-------++-------
Melee: Unarmed           |    42 |    88 |   139 |    89 |   117 ||   475
       Bite              |     3 |     9 |    15 |    14 |    14 ||    55
       Punch             |       |       |     1 |     1 |     4 ||     6
 Cast: Magic Dart        |    77 |   126 |   278 |   321 |     8 ||   810
       Call Imp          |     3 |    44 |   105 |    23 |       ||   175
       Blink             |       |       |     7 |    21 |    15 ||    43
       Conjure Flame     |       |       |    18 |    45 |     2 ||    65
       Foxfire           |       |       |       |    59 |    20 ||    79
       Mephitic Cloud    |       |       |       |    27 |    47 ||    74
       Ignite Poison     |       |       |       |    27 |   114 ||   141
       Olgreb's Toxic Ra |       |       |       |    11 |    95 ||   106
       Iskenderun's Myst |       |       |       |     3 |     5 ||     8
Evoke: Wand              |       |       |    24 |    28 |     8 ||    60
  Use: Scroll            |     4 |     4 |    12 |     9 |     4 ||    33
       Potion            |       |       |     2 |     2 |     1 ||     5
 Stab: Sleeping          |     4 |     1 |     4 |     3 |     1 ||    13
       Distracted        |       |       |     5 |       |       ||     5
       Paralysed         |       |       |    11 |     1 |       ||    12
       Confused          |       |       |       |     4 |     1 ||     5
Armor: Skin              |     2 |     1 |    15 |     6 |     7 ||    31
Dodge: Dodged            |    31 |    95 |   221 |   185 |   192 ||   724

Table legend: (Time is in decaauts)
 A = Elapsed time spent in this place.
 B = Non-inter-level travel time spent in this place.
 C = Inter-level travel time spent in this place.
 D = Time resting spent in this place.
 E = Time spent auto-exploring this place.
 F = Levels seen in this place.
 G = Mean time per level.
                   A        B        C        D        E       F      G
               +--------+--------+--------+--------+--------+-----+--------+
         Total |  37159 |  34741 |   2418 |  17815 |  11774 |  20 | 1857.9 |
       Dungeon |  24635 |  22783 |   1852 |  11648 |   7757 |  12 | 2052.9 |
        Temple |    237 |    229 |      8 |      0 |    223 |   1 |  237.0 |
          Lair |   9436 |   8878 |    558 |   4049 |   3497 |   5 | 1887.2 |
        Bailey |   1178 |   1178 |      0 |    882 |     65 |   1 | 1178.0 |
      Ice Cave |   1670 |   1670 |      0 |   1236 |    229 |   1 | 1670.0 |
               +--------+--------+--------+--------+--------+-----+--------+

Top non-repeatable levels by time:
     D:3: 3583 daAuts
     D:5: 3573 daAuts
     D:9: 3302 daAuts
    D:10: 3068 daAuts
  Lair:1: 2816 daAuts
     D:6: 2806 daAuts
  Lair:2: 2718 daAuts
     D:7: 2256 daAuts
     D:4: 1764 daAuts
   IceCv: 1670 daAuts
  Lair:3: 1590 daAuts
     D:8: 1418 daAuts
  Lair:4: 1300 daAuts
  Bailey: 1178 daAuts
     D:2: 1093 daAuts
